 Dungeon Crawl Stone Soup version 0.23.2-33-g5129a83184 (webtiles) character file.

Game seed: 4522495795607353581

461 Exodus22XD the Chopper (level 6, 0/56 HPs)
             Began as a Minotaur Berserker on July 1, 2019.
             Was a Priest of Trog.
             Succumbed to a worker ant's poison
             ... on level 4 of the Dungeon.
             The game lasted 00:05:28 (3667 turns).

Exodus22XD the Chopper (Minotaur Berserker)         Turns: 3667, Time: 00:05:29

Health: 0/56       AC:  4    Str: 23    XL:     6   Next: 79%
Magic:  5/5        EV: 13    Int:  4    God:    Trog [***...]
Gold:   281        SH:  0    Dex: 10    Spells: 5/5 levels left

rFire    . . .     SeeInvis .   s - +0 war axe
rCold    . . .     Gourm    .   (no shield)
rNeg     . . .     Faith    .   i - +0 leather armour
rPois    .         Spirit   .   (helmet restricted)
rElec    .         Reflect  .   (no cloak)
rCorr    .         Harm     .   r - +0 pair of gloves
MR       .....                  (no boots)
Stlth    +.........             (no amulet)
HPRegen  0.18/turn              (no ring)
MPRegen  0.09/turn              (no ring)

@: lethally poisoned (0 -> -15), berserk cooldown, slowed, very slow
A: retaliatory headbutt, horns 2
a: Berserk, Trog's Hand, Renounce Religion


You were on level 4 of the Dungeon.
You worshipped Trog.
Trog was most pleased with you.
You were hungry.

You visited 1 branch of the dungeon, and saw 4 of its levels.

You collected 281 gold pieces.

Inventory:

Hand Weapons
 s - a +0 war axe (weapon)
Armour
 i - a +0 leather armour (worn)
 r - a +0 pair of gloves (worn)
Jewellery
 a - an uncursed amulet of regeneration {unknown}
 t - an uncursed ring of fire {unknown}
Scrolls
 b - a scroll of identify
 d - 2 scrolls of amnesia {unknown}
 e - a scroll of teleportation {unknown}
 f - a scroll of fear {unknown}
 g - a scroll of random uselessness {unknown}
 h - a scroll of noise {unknown}
 j - a scroll of enchant armour {unknown}
 m - a scroll of blinking {unknown}
 v - a scroll of remove curse {unknown}
Potions
 k - a potion of cancellation {unknown}
 l - a potion of curing {unknown}
 n - 3 potions of invisibility
 o - 3 potions of mutation
 p - a potion of might {unknown}
 q - a potion of flight {unknown}
Comestibles
 c - 4 rations
 u - 3 chunks of flesh


   Skills:
 + Level 5.4 Fighting
 + Level 6.5 Axes
 + Level 4.0 Armour
 + Level 3.6 Dodging
 + Level 1.2 Stealth


You had 5 spell levels left.
You didn't know any spells.
Your spell library was empty.

Dungeon Overview and Level Annotations

Branches:
Dungeon (4/15)
 Temple: D:4-7

Altars:
Xom


Innate Abilities, Weirdness & Mutations

You reflexively headbutt those who attack you in melee.
You have a pair of horns on your head.


Message History

A red film seems to cover your vision as you go berserk!
You feel yourself moving faster!
You feel mighty!
You are feeling hungry.
* * * LOW HITPOINT WARNING * * *
You feel sick.
You are too berserk!
You feel a strong urge to attack something.
* * * LOW HITPOINT WARNING * * *
You feel sick.
* * * LOW HITPOINT WARNING * * *
You feel sick.
You feel your anger nearly subside.
* * * LOW HITPOINT WARNING * * *
You feel sick.
You are no longer berserk.
You are exhausted.
You feel yourself slow down.
* * * LOW HITPOINT WARNING * * *
You feel sick.
You die...

#..##........#
##..####....###
#..## ##.#..#
##.## ####.#
##..# ###
..#### #..##
......##..#
#....†##
####@†# ##..#
##.# ..# #...
.### ##


There were no monsters in sight!

Vanquished Creatures
  A bullfrog (D:3)
  A jelly (D:4)
  An orc priest (D:4)
  An orc wizard (D:4)
  4 worker ants (D:4)
  7 adders
  6 gnolls
  A worm (D:3)
  A leopard gecko (D:1)
  12 orcs
  7 bats
  4 giant cockroaches
  9 goblins
  6 hobgoblins
  5 jackals (D:3)
  2 quokkas (D:3)
  2 ball pythons (D:1)
  5 frilled lizards
  6 kobolds
  A leopard gecko skeleton (D:4)
  10 rats
92 creatures vanquished.

Notes
Turn   | Place    | Note
-------+----------+-------------------------------------------
     0 | D:1      | Exodus22XD the Minotaur Berserker began the quest for the
                  | Orb.
     0 | D:1      | Reached XP level 1. HP: 19/19 MP: 0/0
   185 | D:1      | Reached XP level 2. HP: 27/27 MP: 1/1
   335 | D:1      | Reached skill level 4 in Axes
   917 | D:2      | Reached XP level 3. HP: 33/33 MP: 2/2
  1409 | D:2      | Reached ** piety under Trog
  1456 | D:2      | Reached XP level 4. HP: 40/41 MP: 3/3
  2218 | D:3      | Reached skill level 5 in Axes
  2504 | D:3      | Reached XP level 5. HP: 47/47 MP: 4/4
  2615 | D:3      | Reached skill level 5 in Fighting
  2808 | D:3      | Reached *** piety under Trog
  3319 | D:3      | Reached XP level 6. HP: 45/56 MP: 5/5
  3548 | D:4      | Reached skill level 1 in Stealth
  3549 | D:4      | Reached skill level 6 in Axes
  3612 | D:4      | Found a shimmering altar of Xom.
  3667 | D:4      | Succumbed to a worker ant's poison

Skill      XL: |  1  2  3  4  5  6 |
---------------+-------------------+-----
Fighting       | 4 5 |  5.4
Axes           | 4 5 6 |  6.5
Armour         | 3 4 |  4.0
Dodging        | 3 |  3.6
Stealth        | 1 |  1.2

Action                   |  1- 3 |  4- 6 || total
-------------------------+-------+-------++-------
Melee: Hand axe          |    61 |   101 ||   162
       Headbutt          |    11 |    22 ||    33
       War axe           |       |    30 ||    30
Invok: Berserk           |       |     2 ||     2
  Use: Scroll            |       |     2 ||     2
  Eat: Chunk             |     1 |     9 ||    10
Armor: Animal skin       |     5 |       ||     5
       Leather armour    |     4 |    36 ||    40
Dodge: Dodged            |    33 |   101 ||   134
